 Dungeon Crawl Stone Soup version 0.18.1-50-g88ac8fd (webtiles) character file.

9827 magog001 the Cleaver (level 11, -19/101 HPs)
             Began as a Hill Orc Fighter on Aug 20, 2018.
             Was a Believer of Nemelex Xobeh.
             Killed from afar by an ice statue (33 damage)
             ... with a bolt of cold
             ... in an ice cave.
             The game lasted 00:55:52 (11320 turns).

magog001 the Cleaver (Hill Orc Fighter)            Turns: 11320, Time: 00:55:53

Health: -19/101    AC: 19    Str: 26    XL:     11   Next: 52%
Magic:  11/11      EV:  7    Int:  5    God:    Nemelex Xobeh [**....]
Gold:   487        SH: 13    Dex: 19    Spells: 0 memorised, 10 levels left

rFire  + + +     SeeInvis +     a - +1 war axe
rCold  . . .     Gourm    .     O - +5 chain mail "Pesodot" {rF+++ MR+ Int-5 Dex+9}
rNeg   + . .     Faith    .     c - +0 shield
rPois  .         Spirit   .     (no helmet)
rElec  .         Dismiss  .     F - +0 cloak
rCorr  .         Reflect  .     (no gloves)
SustAt .         Harm     .     (no boots)
MR     +....     Clarity  +     (no amulet)
Stlth  ..........               d - ring of positive energy
                                I - +3 ring of strength

@: somewhat resistant to hostile enchantments, extremely unstealthy
A: yellow scales 1, see invisible, clarity, clever 1, slow regeneration 1, wild
magic 1
a: Renounce Religion


You were in an ice cave.
You worshipped Nemelex Xobeh.
Nemelex Xobeh was pleased with you.
You were not hungry.

You visited 2 branches of the dungeon, and saw 11 of its levels.
You also visited: Ice Cave.

You collected 487 gold pieces.

Inventory:

Hand Weapons
 a - a +1 war axe (weapon)
 x - a +0 blowgun
Missiles
 g - 89 bolts
 i - 6 needles of sleeping
 n - 40 sling bullets
 y - 20 poisoned needles
 A - 6 javelins (quivered)
 L - 6 needles of confusion
Armour
 c - a +0 shield (worn)
 F - a +0 cloak (worn)
 O - the +5 chain mail "Pesodot" (worn) {rF+++ MR+ Int-5 Dex+9}
   (You found it on level 10 of the Dungeon)

   It affects your intelligence (-5).
   It affects your dexterity (+9).
   It renders you almost immune to fire.
   It affects your resistance to hostile enchantments.
Jewellery
 d - a ring of positive energy (right hand)
 I - a +3 ring of strength (left hand)
Wands
 q - a wand of lightning (3/15)
 r - a wand of confusion (33/48)
 u - a wand of heal wounds (2/9)
Scrolls
 h - a scroll of recharging
 s - 4 scrolls of teleportation
 v - 5 scrolls of identify
Potions
 b - a potion of berserk rage
 j - a potion of haste {unknown}
 k - a potion of brilliance
 l - a potion of cancellation {unknown}
 m - a potion of lignification
 o - a potion of curing
 z - 6 potions of heal wounds {unknown}
Books
 e - a book of Beasts

   Spells                             Type                      Level
   a - Summon Butterflies             Summoning                    1
   b - Call Canine Familiar           Summoning                    3
   c - Summon Ice Beast               Ice/Summoning                4
   d - Summon Mana Viper              Hexes/Summoning              5
   e - Summon Hydra                   Summoning                    7
 w - an Akashic Record

   Spells                             Type                      Level
   a - Dispersal                      Translocation                6
   b - Malign Gateway                 Summoning/Translocation      7
   c - Disjunction                    Translocation                8
   d - Controlled Blink               Translocation                8
Miscellaneous
 t - a plain deck of destruction
 B - a plain deck of destruction
 G - a sack of spiders {used: 1}
 K - an ornate deck of war {drawn: 4}
Comestibles
 f - 9 bread rations
 p - 6 meat rations
 C - 5 fruits


   Skills:
 * Level 10.8 Fighting
 * Level 13.4 Axes
 * Level 9.3 Armour
 + Level 0.5 Stealth
 * Level 9.6 Shields
 + Level 1.0 Evocations


You had 10 spell levels left.
You didn't know any spells.

Dungeon Overview and Level Annotations

Branches:
Dungeon (10/15)            Temple (0/1) D:7            Lair (1/8) D:10
    Orc: D:9-12

Altars:
Ashenzari
Dithmenos
Makhleb
Nemelex Xobeh
Okawaru
Pakellas
Ru
Trog
Vehumet
The Shining One

Portals:
Trove: D:10 (give +7 demon trident)

Annotations:
IceCv exclusion: ice statue


Innate Abilities, Weirdness & Mutations

You are partially covered in yellow scales (AC +2).
You have supernaturally acute eyesight.
You possess an exceptional clarity of mind.
Your mind is acute. (Int +2)
You regenerate slowly when monsters are visible.
Your spells are a little harder to cast, but a little more powerful.


Message History

Okay, then.
Evoke which item? (* to show all) (? for menu, Esc to quit)
Zapping:
u - a wand of heal wounds (3/9)
Press: ? - help, Shift-Dir - straight line, f - you You feel much better.
This wand has 2 charges left.
You are engulfed in freezing vapours.
The ice beast barely misses you. The ice statue gestures at you.
The freezing blast engulfs you! The ice beast barely misses you.
You hit the ice statue but do no damage.
The ice statue is moderately damaged.
You slash the ice beast!
The ice beast is heavily wounded.
Your chain mail "Pesodot" prevents you from hitting the ice beast.
You are engulfed in freezing vapours.
* * * LOW HITPOINT WARNING * * *
You block the ice beast's attack. The ice statue gestures at you.
The bolt of cold hits you!
You die...
Your body disappears without a glow.

##### ##...### ##
#......## ..
#..##...## #.
#...##...### §###
##..####...####§§§#
#...####...##§8§#
#....# #..##§@Y#
#∩..####..###Y§#
##..∩##..####§§#
#####.....#.§##
##.#..§### #######


You could see an ice statue and 2 ice beasts.

Vanquished Creatures
  Urug (D:10)
  A wizard (D:10)
  An orc knight (D:10)
  A deep elf mage (D:8)
  A spiny frog (Lair:1)
  2 guardian mummies (D:10)
  A polar bear (IceCv)
  A spriggan (D:10)
  A wyvern (D:10)
  7 yaks
  A hippogriff (D:10)
  A water moccasin (D:7)
  3 orc warriors
  An ice beast (D:6)
  2 sky beasts
  2 wolves (IceCv)
  4 phantoms
  7 ogres
  2 centaurs
  2 crocodiles
  A gnoll sergeant (D:8)
  7 giant frogs
  A wyvern skeleton (D:9)
  2 scorpions
  12 killer bees
  9 wights
  3 howler monkeys
  2 crimson imps
  2 giant frog zombies
  2 centaur zombies
  5 hounds
  The ghost of Amnesiac the Cutter, a weakling VSAr (D:3)
  3 jellies
  Crazy Yiuf (D:3)
  A centaur skeleton (D:10)
  6 orc priests
  7 orc wizards
  6 worker ants
  4 iguanas
  A statue (D:9)
  A worker ant zombie (D:9)
  8 gnolls (D:8)
  A river rat (D:10)
  11 adders
  3 shadow imps
  An ooze (D:2)
  An adder skeleton (D:6)
  8 worms
  A giant gecko (D:5)
  43 orcs
  2 ball pythons
  14 bats
  2 giant cockroaches (D:1)
  7 goblins
  6 hobgoblins
  5 jackals
  7 quokkas
  5 giant newts
  7 kobolds
  A quokka skeleton (D:7)
  14 rats
  4 fungi (D:10)
270 creatures vanquished.

Vanquished Creatures (collateral kills)
  An orc knight (D:10)
  An orc warrior (D:10)
  An ogre (D:10)
3 creatures vanquished.

Vanquished Creatures (others)
  A plant (D:10)
1 creature vanquished.

Grand Total: 274 creatures vanquished

Notes
Turn   | Place    | Note
--------------------------------------------------------------
     0 | D:1      | magog001 the Hill Orc Fighter began the quest for the Orb.
     0 | D:1      | Reached XP level 1. HP: 19/19 MP: 1/1
   150 | D:1      | Reached XP level 2. HP: 23/27 MP: 2/2
   375 | D:1      | Reached skill level 3 in Axes
   725 | D:2      | Reached XP level 3. HP: 33/33 MP: 3/3
  1107 | D:2      | Reached XP level 4. HP: 36/40 MP: 4/4
  1369 | D:2      | Reached skill level 4 in Axes
  1668 | D:3      | Noticed Amnesiac's ghost (weakling VSAr)
  1920 | D:2      | Reached XP level 5. HP: 43/47 MP: 5/5
  2079 | D:3      | Killed Amnesiac's ghost
  2079 | D:3      | Reached skill level 5 in Axes
  2340 | D:3      | Noticed Crazy Yiuf
  2346 | D:3      | Killed Crazy Yiuf
  2346 | D:3      | Reached XP level 6. HP: 49/53 MP: 6/6
  2520 | D:4      | Reached skill level 5 in Fighting
  2520 | D:4      | Reached skill level 6 in Axes
  2569 | D:4      | Reached XP level 7. HP: 60/61 MP: 7/7
  2723 | D:4      | Reached skill level 7 in Axes
  2723 | D:4      | Reached skill level 5 in Shields
  3176 | D:4      | Found a shattered altar of Ashenzari.
  3181 | D:4      | Saw a vision of the Shoals and the Snake Pit.
  3181 | D:4      | Noticed a shock serpent
  3181 | D:4      | Noticed a naga
  3181 | D:4      | Noticed a naga
  3181 | D:4      | Noticed a naga sharpshooter
  3181 | D:4      | Noticed a mana viper
  3181 | D:4      | Noticed a merfolk
  3181 | D:4      | Noticed a sea snake
  3181 | D:4      | Noticed a siren
  3182 | D:4      | Noticed a naga mage
  3183 | D:4      | Noticed a naga
  3561 | D:5      | Entered Level 5 of the Dungeon
  3575 | D:5      | Reached skill level 5 in Armour
  3608 | D:5      | Reached XP level 8. HP: 12/70 MP: 8/8
  3969 | D:5      | Reached skill level 8 in Axes
  3973 | D:5      | Gained mutation: Your spells are a little harder to cast, but a little more powerful. [mutagenic meat]
  3974 | D:5      | Gained mutation: You possess an exceptional clarity of mind. [mutagenic meat]
  3975 | D:5      | Gained mutation: You regenerate slowly when monsters are visible. [mutagenic meat]
  3976 | D:5      | Gained mutation: You are partially covered in yellow scales (AC +2). [mutagenic meat]
  3977 | D:5      | Gained mutation: Your mind is acute. (Int +2) [mutagenic meat]
  3978 | D:5      | Gained mutation: You have supernaturally acute eyesight. [mutagenic meat]
  4166 | D:5      | Found an iron altar of Okawaru.
  4756 | D:6      | Reached skill level 9 in Axes
  4965 | D:6      | Reached XP level 9. HP: 77/79 MP: 9/9
  5478 | D:6      | Got a warped robe
  5553 | D:6      | Identified the +0 robe of Honesty {rC+ Str-5 Int+2} (You found it on level 6 of the Dungeon)
  6040 | D:7      | Found a sparkling altar of Nemelex Xobeh.
  6040 | D:7      | Found an oddly glowing altar of Pakellas.
  6040 | D:7      | Found a shattered altar of Ashenzari.
  6040 | D:7      | Found a bloodstained altar of Trog.
  6044 | D:7      | Found a glowing golden altar of the Shining One.
  6050 | D:7      | Became a worshipper of Nemelex Xobeh the Trickster
  6065 | D:7      | Received a gift from Nemelex Xobeh
  6216 | D:7      | Reached skill level 10 in Axes
  6392 | D:7      | Found a staircase to the Ecumenical Temple.
  6732 | D:7      | Found a burning altar of Makhleb.
  6792 | D:7      | Reached * piety under Nemelex Xobeh
  7258 | D:8      | Reached XP level 10. HP: 57/90 MP: 10/10
  7354 | D:8      | Noticed a deep elf mage
  7385 | D:8      | Killed a deep elf mage
  7385 | D:8      | Reached skill level 11 in Axes
  7742 | D:8      | Found a shadowy altar of Dithmenos.
  7750 | D:8      | Found a sacrificial altar of Ru.
  8273 | D:9      | Found a radiant altar of Vehumet.
  8437 | D:9      | Reached skill level 12 in Axes
  8682 | D:9      | Received a gift from Nemelex Xobeh
  9209 | D:10     | Entered Level 10 of the Dungeon
  9313 | D:10     | Found a staircase to the Lair.
  9344 | D:10     | Reached ** piety under Nemelex Xobeh
  9380 | D:10     | Reached skill level 10 in Fighting
  9399 | D:10     | Got a spiked chain mail
  9410 | D:10     | Identified the +5 chain mail "Pesodot" {rF+++ MR+ Int-5 Dex+9} (You found it on level 10 of the Dungeon)
  9714 | D:10     | Received a gift from Nemelex Xobeh
  9748 | D:10     | Reached XP level 11. HP: 83/99 MP: 11/11
  9875 | D:10     | Found a portal to a secret trove of treasure.
 10046 | D:10     | Noticed an orc knight
 10048 | D:10     | Noticed a wizard
 10048 | D:10     | Noticed Urug
 10127 | D:10     | Killed Urug
 10127 | D:10     | Reached skill level 13 in Axes
 10450 | D:10     | Killed a wizard
 10468 | D:10     | Killed an orc knight
 10477 | D:10     | Noticed an orc knight
 10487 | D:10     | Killed an orc knight
 10487 | D:10     | Reached skill level 1 in Evocations
 10896 | Lair:1   | Entered Level 1 of the Lair of Beasts
 10896 | Lair:1   | Found a frozen archway.
 10970 | IceCv    | Entered an ice cave
 11320 | IceCv    | Killed from afar by an ice statue

Skill      XL: |  1  2  3  4  5  6  7  8  9 10 11 |
---------------+----------------------------------+-----
Axes           | 3 4 5 6 7 9 10 12 13 | 13.4
Fighting       | 4 5 6 7 8 10 | 10.8
Armour         | 4 5 7 8 9 |  9.3
Shields        | 4 5 6 7 9 |  9.6
Evocations     | 1 |  1.0
Stealth        | |  0.5

Action                   |  1- 3 |  4- 6 |  7- 9 | 10-12 || total
-------------------------+-------+-------+-------+-------++-------
Melee: War axe           |    89 |   136 |   435 |   413 ||  1073
Evoke: Wand              |       |       |     4 |    12 ||    16
       Deck              |       |       |       |     4 ||     4
       Sack of spiders   |       |       |       |     1 ||     1
  Use: Scroll            |     3 |     1 |     5 |    11 ||    20
       Potion            |       |       |       |     5 ||     5
 Stab: Held in net/web   |       |       |       |     2 ||     2
  Eat: Meat ration       |     1 |       |       |     1 ||     2
       Chunk             |       |     1 |    11 |     4 ||    16
       Beef jerky        |       |       |     7 |       ||     7
       Pizza             |       |       |       |     3 ||     3
       Fruit             |       |       |       |     4 ||     4
Armor: Scale mail        |    42 |     6 |       |       ||    48
       Ring mail         |       |    56 |    52 |       ||   108
       Chain mail        |       |       |   119 |    64 ||   183
       Plate armour      |       |       |    36 |   127 ||   163
Dodge: Dodged            |    21 |    51 |    93 |   110 ||   275
Block: Shield            |    38 |    97 |   208 |   248 ||   591
